 Dungeon Crawl Stone Soup version 0.29-a0-643-ga013cefcf8 (webtiles) character file.

Game seed: 5789970810380514798

1802 mandarbmax the Grave Robber (level 9, -10/65 HPs)
             Began as a Gnoll Necromancer on June 19, 2022.
             Was a Follower of Yredelemnul.
             Killed by an exploding freezing wraith (43 damage)
             ... ignited by their inner flame
             ... on level 5 of the Dungeon on June 20, 2022.
             The game lasted 00:19:45 (6645 turns).

mandarbmax the Grave Robber (Gnoll Necromancer)     Turns: 6645, Time: 00:19:45

Health: -10/65     AC: 16    Str: 10    XL:     9   Next: 9%
Magic:  14/18      EV: 13    Int: 17    God:    Yredelemnul [*.....]
Gold:   346        SH:  0    Dex: 12    Spells: 12/20 levels left

rFire   . . .      SeeInvis .   s - +1 dagger (speed)
rCold   . . .      Faith    .   (no shield)
rNeg    . . .      Spirit   .   t - +0 leather armour
rPois   .          Reflect  .   d - +1 helmet
rElec   .          Harm     .   (no cloak)
rCorr   .          Rampage  .   n - +1 pair of gloves
Will    .....                   o - +1 pair of boots
Stlth   +++.......              (no amulet)
HPRegen 0.20/turn               l - +4 ring of protection
MPRegen 0.16/turn               (no ring)

@: no status effects
A: fangs 1, strong nose, distributed training, talons 1, iridescent scales 1
a: Renounce Religion, Recall Undead Harvest


You were on level 5 of the Dungeon.
You worshipped Yredelemnul.
Yredelemnul was noncommittal.
You visited 1 branch of the dungeon, and saw 5 of its levels.
You also visited: Sewer and Ossuary.

You collected 346 gold pieces.

Inventory:

Hand Weapons
 f - the +4 rapier "Bymab" {vorpal, rF- rC++}
   (You found it on level 5 of the Dungeon)

   It inflicts extra damage upon your enemies.
   rF:        It makes you vulnerable to fire.
   rC:        It greatly protects you from cold.
 s - a +1 dagger of speed (weapon)
 w - a +2 whip of venom
Missiles
 i - a throwing net
Armour
 d - a +1 helmet (worn)
 n - a +1 pair of gloves (worn)
 o - a +1 pair of boots (worn)
 t - a +0 leather armour (worn)
Jewellery
 l - a +4 ring of protection (left hand)
 v - the ring "Diusecatz" {Fly rElec MP-9 Str+2}
   (You found it on level 3 of the Dungeon)

   [ring of flight]

   Str:       It affects your strength (+2).
   rElec:     It insulates you from electricity.
   MP:        It affects your magic capacity (-9).
   Fly:       It grants you flight.
Wands
 x - a wand of digging (5)
Scrolls
 c - 3 scrolls of blinking
 e - 3 scrolls of fog
 g - a scroll of immolation
 j - a scroll of brand weapon {unknown}
 p - a scroll of enchant weapon {unknown}
 q - 6 scrolls of teleportation
 y - a scroll of poison {unknown}
 z - a scroll of fear {unknown}
Potions
 b - a potion of magic
 h - 4 potions of mutation
 k - 3 potions of flight
 m - 2 potions of degeneration {unknown}
 r - 3 potions of heal wounds
 u - 2 potions of brilliance {unknown}


   Skills:
 + Level 3.9 Fighting
 + Level 3.9 Short Blades
 + Level 3.9 Long Blades
 + Level 3.9 Axes
 + Level 3.9 Maces & Flails
 + Level 3.9 Polearms
 + Level 3.9 Staves
 + Level 3.9 Slings
 + Level 3.9 Bows
 + Level 3.9 Crossbows
 + Level 3.9 Throwing
 + Level 3.9 Armour
 + Level 6.1 Dodging
 + Level 5.8 Stealth
 + Level 3.9 Shields
 + Level 3.9 Unarmed Combat
 + Level 6.4 Spellcasting
 + Level 3.2 Conjurations
 + Level 3.2 Hexes
 + Level 3.2 Summonings
 + Level 7.9 Necromancy
 + Level 3.2 Translocations
 + Level 3.2 Transmutations
 + Level 3.2 Fire Magic
 + Level 3.2 Ice Magic
 + Level 3.2 Air Magic
 + Level 3.2 Earth Magic
 + Level 3.2 Poison Magic
 + Level 4.3 Invocations
 + Level 3.9 Evocations


You had 12 spell levels left.
You knew the following spells:

 Your Spells              Type           Power      Damage    Failure   Level
a - Necrotize             Necr           100%       1d9       1%          1
b - Mephitic Cloud        Conj/Pois/Air  16%        N/A       13%         3
c - Ignite Poison         Fire/Tmut/Pois 16%        N/A       13%         3
d - Beastly Appendage     Tmut           32%        N/A       4%          1

Your spell library contained the following spells:

 Spells                   Type           Power      Damage    Failure   Level
 Sublimation of Blood     Necr           32%        N/A       1%          2
 Vampiric Draining        Necr           32%        2d8       1%          3
 Wereblood                Tmut           16%        N/A       7%          2
 Spider Form              Tmut/Pois      16%        N/A       13%         3
 Agony                    Necr           32%        N/A       17%         5
 Freezing Cloud           Conj/Ice/Air   8%         6-21      77%         5
 Summon Hydra             Summ           8%         N/A       100%        7
 Animate Dead             Necr           Unusable   N/A       N/A         4

Dungeon Overview and Level Annotations

Branches:
Dungeon (5/15)             Temple (0/1) D:5           Sewer (visited)
Ossuary (visited)

Altars:
Sif Muna
Yredelemnul

Portals:
Abyss: D:5

Annotations:
D:5 1 transporter, pigah's ghost, novice OpAE


Innate Abilities, Weirdness & Mutations

You have very sharp teeth.
Your uncanny sense of smell can sniff out nearby items.
Your experience applies equally to all skills.
You have sharp toenails.
You are partially covered in iridescent scales. (AC +2)


Message History

You barely miss pigah's ghost. You punch pigah's ghost.
Your bite misses pigah's ghost.
Pigah's ghost is moderately damaged.
The gnoll barely misses something.
Pigah's ghost waves its tentacles in wide circles.
The air twists around and strikes you.
The small abomination hits your freezing wraith.
Really read the scroll of immolation?
As you read the scroll of immolation, it crumbles to dust.
The creatures around you are filled with an inner flame!
Your freezing wraith hits the small abomination.
Flame seeps out of the small abomination.
Your freezing wraith freezes the small abomination!
Flame seeps out of the small abomination.
Your freezing wraith hits the small abomination.
Flame seeps out of the small abomination.
Your freezing wraith drains the small abomination's vigour!
The small abomination seems to slow down.
The gnoll barely misses something.
Pigah's ghost mumbles some strange words.
Pigah's ghost puts on a burst of speed!
Unknown command.
Unknown command.
You completely miss pigah's ghost. Your bite misses pigah's ghost.
Pigah's ghost is moderately damaged.
Your freezing wraith closely misses the small abomination. x2
Your ogre zombie hits pigah's ghost!
Flame seeps out of pigah's ghost.
The small abomination is engulfed in blazing flames.
The small abomination explodes!
The fiery explosion engulfs your freezing wraith!!!
Your freezing wraith is burned terribly!
Your freezing wraith disappears in a puff of smoke!
The fiery explosion engulfs the gnoll!
The gnoll explodes!
You feel a bit more experienced.
Your freezing wraith explodes!
The fiery explosion engulfs you!!!
Ouch! That really hurt!
You die...
Your body rises from the dead as a mindless zombie.

..........####..##..##.#....#
Z........##...#x5#©.#..#....#
##.......#.###∩^##..##.##...#
.##......##.#.###...##..#...#
).#.......##..#....##...#...#
..##......# ..##©####Z.##...#
#..#.....##. #.###○§Z###....#
...##....#.. #.§§##§#.....##
...#.....##.####@W§#.##....#
####......##.#....Z.#.##...#
# #..<....#:.#.######5##..#
##.....##...##..# .g.#..#
#.....##5###...###$##..# #
#.....####.......###...# ##
##......................#
.###..#....................#
.....####..##.######.###..##


You could see pigah's ghost (inner flame, swift, ally target) and a friendly
ogre zombie (inner flame).

Vanquished Creatures
  The ghost of jujuben the Digger, an amateur DsEE (D:4)
  An ice beast (D:5)
  4 ogres
  4 elf zombies (Ossuary)
  2 phantoms
  2 scorpions
  A small abomination (D:5)
  A howler monkey (D:5)
  A centaur zombie (Ossuary)
  3 hounds
  An orc priest (D:3)
  2 iguanas (D:5)
  3 orc wizards
  A hound zombie (D:5)
  A gnoll (D:5)
  An adder (D:5)
  2 river rats
  2 ufetubi (D:5)
  An adder zombie (Ossuary)
  4 worms
  5 orcs
  7 ball pythons
  4 bats
  7 endoplasms
  5 giant cockroaches
  3 goblins
  5 hobgoblins
  9 jackals
  11 kobolds
  3 quokkas
  3 frilled lizards
  2 goblin zombies (Ossuary)
  12 hobgoblin zombies (Ossuary)
  9 kobold zombies (Ossuary)
  7 orc zombies (Ossuary)
  7 rats
  A rat zombie (Ossuary)
138 creatures vanquished.

Vanquished Creatures (collateral kills)
  2 kobold brigands (Sewer)
  A scorpion (D:4)
  A hound (D:5)
  An orc wizard (D:4)
  An adder (D:5)
  A river rat (D:5)
  A worm (D:3)
  3 orcs (D:5)
  A ball python (D:5)
  An endoplasm (D:3)
  A kobold (D:1)
14 creatures vanquished.

Vanquished Creatures (others)
  A scorpion zombie (D:4)
  2 hound zombies
  A ball python zombie (D:5)
  2 giant cockroach zombies
  2 hobgoblin zombies (D:4)
  2 jackal zombies
  4 orc zombies
  2 rat zombies (Sewer)
  A spectral ufetubus (D:5)
17 creatures vanquished.

Grand Total: 169 creatures vanquished

Notes
Turn   | Place    | Note
-------+----------+-------------------------------------------
     0 | D:1      | mandarbmax the Gnoll Necromancer began the quest for the
                  | Orb.
     0 | D:1      | Reached XP level 1. HP: 13/13 MP: 6/6
   284 | D:1      | Reached XP level 2. HP: 19/19 MP: 4/7
   505 | D:1      | Found a faded altar of an unknown god.
   523 | D:1      | Prayed at the altar of an unknown god.
   523 | D:1      | Became a worshipper of Yredelemnul the Dark
   523 | D:1      | Reached * piety under Yredelemnul
  1116 | D:2      | Reached XP level 3. HP: 25/25 MP: 7/9
  1216 | D:2      | Reached skill level 5 in Spellcasting
  1399 | D:2      | Reached skill level 1 in Invocations
  1643 | D:2      | Found a shimmering blue altar of Sif Muna.
  2339 | D:3      | Reached skill level 1 in Fighting
  2339 | D:3      | Reached skill level 1 in Short Blades
  2339 | D:3      | Reached skill level 1 in Long Blades
  2339 | D:3      | Reached skill level 1 in Axes
  2339 | D:3      | Reached skill level 1 in Maces & Flails
  2339 | D:3      | Reached skill level 1 in Polearms
  2339 | D:3      | Reached skill level 1 in Staves
  2339 | D:3      | Reached skill level 1 in Slings
  2339 | D:3      | Reached skill level 1 in Bows
  2339 | D:3      | Reached skill level 1 in Crossbows
  2339 | D:3      | Reached skill level 1 in Throwing
  2339 | D:3      | Reached skill level 1 in Armour
  2339 | D:3      | Reached skill level 1 in Shields
  2339 | D:3      | Reached skill level 1 in Unarmed Combat
  2339 | D:3      | Reached skill level 1 in Evocations
  2520 | D:3      | Reached XP level 4. HP: 32/32 MP: 4/11
  2686 | D:3      | Reached ** piety under Yredelemnul
  2745 | D:3      | Identified the ring "Diusecatz" {Fly rElec MP-9 Str+2}
  2918 | D:3      | Reached skill level 1 in Conjurations
  2918 | D:3      | Reached skill level 1 in Hexes
  2918 | D:3      | Reached skill level 1 in Summonings
  2918 | D:3      | Reached skill level 1 in Translocations
  2918 | D:3      | Reached skill level 1 in Transmutations
  2918 | D:3      | Reached skill level 1 in Fire Magic
  2918 | D:3      | Reached skill level 1 in Ice Magic
  2918 | D:3      | Reached skill level 1 in Air Magic
  2918 | D:3      | Reached skill level 1 in Earth Magic
  2918 | D:3      | Reached skill level 1 in Poison Magic
  2935 | D:3      | Reached XP level 5. HP: 7/37 MP: 0/12
  3344 | D:4      | Noticed a phantom
  3374 | D:4      | Killed a phantom
  3375 | D:4      | Reached XP level 6. HP: 39/44 MP: 5/14
  3398 | D:4      | Reached skill level 5 in Dodging
  3735 | D:4      | Reached XP level 7. HP: 50/50 MP: 1/15
  4029 | D:4      | Found a transporter.
  4030 | D:4      | Found a transporter.
  4053 | D:4      | Noticed jujuben's ghost (amateur DsEE)
  4201 | D:4      | Killed jujuben's ghost
  4202 | D:4      | Reached skill level 5 in Stealth
  4235 | D:5      | Entered Level 5 of the Dungeon
  4241 | D:5      | Learned a level 3 spell: Mephitic Cloud
  4245 | D:5      | Learned a level 3 spell: Ignite Poison
  4269 | D:5      | Noticed pigah's ghost (novice OpAE)
  4282 | D:5      | Found a transporter.
  4313 | D:5      | Reached XP level 8. HP: 46/57 MP: 5/16
  4316 | D:5      | Found a glowing drain.
  4370 | Sewer    | Entered a sewer
  4657 | Sewer    | Found a white marble altar of Elyvilon.
  4699 | D:5      | Found a sand-covered staircase.
  4704 | Ossuary  | Entered an ossuary
  4930 | Ossuary  | Gained mutation: You have sharp toenails. [potion of
                  | mutation]
  4930 | Ossuary  | Gained mutation: You are partially covered in iridescent
                  | scales. (AC +2) [potion of mutation]
  5737 | D:5      | Found a staircase to the Ecumenical Temple.
  5749 | D:5      | Found a one-way gate to the infinite horrors of the Abyss.
  5934 | D:5      | Reached XP level 9. HP: 65/65 MP: 1/18
  6172 | D:5      | Learned a level 1 spell: Beastly Appendage
  6389 | D:5      | Identified the +4 rapier "Bymab" {vorpal, rF- rC++}
  6493 | D:5      | Found a transporter.
  6645 | D:5      | Killed by an exploding freezing wraith... ignited by their
                  | inner flame

Illustrated notes

Levels and vault maps discovered:
D:1:      dpeg_arrival_rhombi, layout_loops_corners,
          hellmonk_ecumenical_altar_blasted, kennysheep_decorative_pillar
D:2:      layout_basic, basic_altar
D:3:      layout_basic
D:4:      layout_gridville, gammafunk_ghost_smash
D:5:      layout_layer_cave, minmay_temple_entry_grid, portal_sewer_entry_a,
          gammafunk_ghost_abyssal_escape, enter_ossuary_2

Skill      XL: |  1  2  3  4  5  6  7  8 |
---------------+-------------------------+-----
Spellcasting   | 5 6 |  6.4
Invocations    | 1 2 3 4 |  4.3
Fighting       | 1 2 3 |  3.9
Short Blades   | 1 2 3 |  3.9
Long Blades    | 1 2 3 |  3.9
Axes           | 1 2 3 |  3.9
Maces & Flails | 1 2 3 |  3.9
Polearms       | 1 2 3 |  3.9
Staves         | 1 2 3 |  3.9
Slings         | 1 2 3 |  3.9
Bows           | 1 2 3 |  3.9
Crossbows      | 1 2 3 |  3.9
Throwing       | 1 2 3 |  3.9
Armour         | 1 2 3 |  3.9
Shields        | 1 2 3 |  3.9
Unarmed Combat | 1 2 3 |  3.9
Evocations     | 1 2 3 |  3.9
Conjurations   | 1 2 3 |  3.2
Hexes          | 1 2 3 |  3.2
Summonings     | 1 2 3 |  3.2
Translocations | 1 2 3 |  3.2
Transmutations | 1 2 3 |  3.2
Fire Magic     | 1 2 3 |  3.2
Ice Magic      | 1 2 3 |  3.2
Air Magic      | 1 2 3 |  3.2
Earth Magic    | 1 2 3 |  3.2
Poison Magic   | 1 2 3 |  3.2
Dodging        | 5 6 |  6.1
Stealth        | 5 |  5.8
Necromancy     | |  7.9

Action                   |  1- 3 |  4- 6 |  7- 9 || total
-------------------------+-------+-------+-------++-------
Melee: Unarmed           |     5 |       |       ||     5
       Whip              |     3 |       |       ||     3
       Dagger            |     2 |   116 |   529 ||   647
       Bite              |       |     8 |    60 ||    68
       Punch             |       |     1 |    21 ||    22
       Kick              |       |       |     1 ||     1
 Cast: Necrotize         |    72 |    21 |     8 ||   101
       Mephitic Cloud    |       |       |    13 ||    13
       Ignite Poison     |       |       |     6 ||     6
       Beastly Appendage |       |       |     1 ||     1
Invok: Recall Undead Har |       |       |     1 ||     1
       Dark Bargain      |       |       |     1 ||     1
  Use: Scroll            |       |       |     9 ||     9
       Potion            |       |       |     3 ||     3
 Stab: Sleeping          |       |     3 |     3 ||     6
       Distracted        |       |     1 |     3 ||     4
       Invisible         |       |       |     5 ||     5
       Confused          |       |       |     2 ||     2
Armor: Robe              |    10 |       |       ||    10
       Leather armour    |     2 |    37 |   110 ||   149
Dodge: Dodged            |    20 |    55 |   203 ||   278

Table legend: (Time is in decaauts)
 A = Elapsed time spent in this place.
 B = Non-inter-level travel time spent in this place.
 C = Inter-level travel time spent in this place.
 D = Time resting spent in this place.
 E = Time spent auto-exploring this place.
 F = Levels seen in this place.
 G = Mean time per level.
                   A        B        C        D        E       F      G
               +--------+--------+--------+--------+--------+-----+--------+
         Total |   6365 |   6189 |    176 |    490 |   4382 |   7 |  909.3 |
       Dungeon |   5439 |   5263 |    176 |    445 |   4004 |   5 | 1087.8 |
         Sewer |    291 |    291 |      0 |      0 |    140 |   1 |  291.0 |
       Ossuary |    635 |    635 |      0 |     45 |    238 |   1 |  635.0 |
               +--------+--------+--------+--------+--------+-----+--------+

Top non-repeatable levels by time:
     D:5: 1278 daAuts
     D:1: 1076 daAuts
     D:2: 1068 daAuts
     D:3: 1021 daAuts
     D:4: 994 daAuts
 Ossuary: 635 daAuts
   Sewer: 291 daAuts
